[Event "FIN-ch Women 2018"]
[Site "Helsinki"]
[Date "2018.06.15"]
[Round "5"]
[White "Ristoja, Aulikki"]
[Black "Al Najar, Huda"]
[Result "1-0"]
[ECO "A45"]
[WhiteElo "1565"]
[BlackElo "1719"]
[Annotator "NA"]
[PlyCount "116"]
[EventDate "2018.06.13"]
[EventType "tourn"]
[EventCountry "FIN"]
[SourceTitle "playchess.com"]
[Source "ChessBase"]
[SourceQuality "1"]
[TimeControl "40/5400+30:1800+30"]

1. d4 Nf6 2. Bf4 d6 3. e3 g6 4. h3 Bg7 5. Nc3 Nbd7 6. Nf3 O-O 7. g4 c5 8. d5 Qa5 9. Qd2 Nb6 10. e4 Nfd7 11. Bh6 Ne5 12. Nxe5 dxe5 13. Bxg7 Kxg7 14. f4 f6 15. Be2 exf4 16. Qxf4 Na4 17. Qd2 Nxb2 18. Rb1 Na4 19. Nb5 Qxd2+ 20. Kxd2 a6 21. Nc7 Ra7 22. c4 b6 23. Ne6+ Bxe6 24. dxe6 Rd8+ 25. Kc2 Rd4 26. Rhd1 Kf8 27. Rxd4 cxd4 28. Kd3 Nc5+ 29. Kxd4 Nxe6+ 30. Ke3 b5 31. cxb5 axb5 32. Rb2 Nc7 33. Bxb5 Nxb5 34. Rxb5 Rxa2 35. Rb3 Rh2 36. Kd4 e5+ 37. Kd5 Kg7 38. Ke6 g5 39. Rb7+ Kg6 40. Rf7 Rf2 41. Rf8 Rf4 42. Rg8+ Kh6 43. Kd5 Rf1 44. Ke6 Re1 45. Rf8 Rxe4 46. Rxf6+ Kg7 47. Rf7+ Kg8 48. Rf5 h6 49. Rxe5 Ra4 50. Kf6 Kf8 51. Re6 Ra3 52. Rb6 Rf3+ 53. Kg6 Rxh3 54. Rb8+ Ke7 55. Rb7+ Kd6 56. Rh7 Rg3 57. Rxh6 Rxg4 58. Kh5+ Kd5 1-0

[Event "FIN-ch Women 2018"]
[Site "Helsinki"]
[Date "2018.06.15"]
[Round "5"]
[White "Al Argha, Fatima"]
[Black "Walta, Paivi"]
[Result "0-1"]
[ECO "A40"]
[WhiteElo "1436"]
[BlackElo "1634"]
[Annotator "NA"]
[PlyCount "92"]
[EventDate "2018.06.13"]
[EventType "tourn"]
[EventCountry "FIN"]
[SourceTitle "playchess.com"]
[Source "ChessBase"]
[SourceQuality "1"]
[TimeControl "40/5400+30:1800+30"]

1. d4 g6 2. Bf4 Bg7 3. e3 d6 4. Nf3 Nd7 5. c4 e5 6. Bg3 Nh6 7. h3 Nf5 8. Bh2 Qe7 9. Nc3 c6 10. Be2 O-O 11. O-O Rd8 12. Re1 Nf8 13. Qd2 e4 14. Ng5 Qxg5 15. Nxe4 Qe7 16. Nc3 Ne6 17. d5 Ng5 18. dxc6 bxc6 19. Rad1 Bb7 20. e4 Nd4 21. Bg4 h5 22. h4 Nge6 23. Bh3 Qf8 24. Bxe6 fxe6 25. Qe3 Nc2 26. Qh3 Nxe1 27. Rxe1 e5 28. Re3 Bc8 29. Qg3 Kh7 30. Rf3 Qe7 31. Ne2 Bf6 32. Rc3 Bxh4 33. Qe3 Bg5 34. Qd3 Ba6 35. f4 exf4 36. Bxf4 Bf6 37. Ra3 Bc8 38. Ng3 a5 39. Nxh5 Be5 40. Bxe5 dxe5 41. Qf3 Rf8 42. Qe2 Qg5 43. Ng3 Bg4 44. Qd3 Rad8 45. Qb3 Rd1+ 46. Kh2 Qh4# 0-1

[Event "FIN-ch Women 2018"]
[Site "Helsinki"]
[Date "2018.06.16"]
[Round "6"]
[White "Norlamo, Sarabella"]
[Black "Dannenberg, Alia"]
[Result "1/2-1/2"]
[ECO "E61"]
[WhiteElo "1847"]
[BlackElo "1934"]
[Annotator "NA"]
[PlyCount "47"]
[EventDate "2018.06.13"]
[EventType "tourn"]
[EventCountry "FIN"]
[SourceTitle "playchess.com"]
[Source "ChessBase"]
[SourceQuality "1"]
[TimeControl "40/5400+30:1800+30"]

1. d4 Nf6 2. c4 g6 3. Nc3 Bg7 4. Bg5 d6 5. f3 Nbd7 6. e4 c5 7. d5 Qa5 8. Qd2 h6 9. Nb5 Qxd2+ 10. Bxd2 Kd8 11. Bc3 a6 12. Na3 Rg8 13. Bd3 g5 14. Ne2 Kc7 15. Ng3 Ne5 16. Be2 Bd7 17. Nf5 Bxf5 18. exf5 Rae8 19. O-O-O Nfd7 20. Nc2 b6 21. g3 Nf6 22. Rhf1 Ned7 23. Bd3 Nh5 24. Bxg7 1/2-1/2

[Event "FIN-ch Women 2018"]
[Site "Helsinki"]
[Date "2018.06.16"]
[Round "6"]
[White "Walta, Paivi"]
[Black "Al Najar, Huda"]
[Result "1-0"]
[ECO "B22"]
[WhiteElo "1634"]
[BlackElo "1719"]
[Annotator "NA"]
[PlyCount "79"]
[EventDate "2018.06.13"]
[EventType "tourn"]
[EventCountry "FIN"]
[SourceTitle "playchess.com"]
[Source "ChessBase"]
[SourceQuality "1"]
[TimeControl "40/5400+30:1800+30"]

1. e4 c5 2. c3 d5 3. exd5 Qxd5 4. d4 Nc6 5. Nf3 cxd4 6. cxd4 Bg4 7. Be2 e6 8. Nc3 Bb4 9. O-O Qa5 10. Ne4 O-O-O 11. Be3 Nf6 12. h3 Bxh3 13. Neg5 Bxg2 14. Kxg2 Rd7 15. a3 Bd6 16. b4 Qd8 17. Rc1 Kb8 18. Bb5 h6 19. Bxc6 bxc6 20. Nh3 g5 21. Nd2 g4 22. Nf4 Nd5 23. Nxd5 cxd5 24. Nb3 Ka8 25. Qd2 Qf6 26. Qe2 Qf5 27. Nd2 h5 28. Rh1 h4 29. Nf1 Qe4+ 30. Kg1 f5 31. Qc2 Qf3 32. Nd2 Qe2 33. Qc6+ Rb7 34. Qxd6 g3 35. Qf4 gxf2+ 36. Qxf2 Rg7+ 37. Kh2 Rhg8 38. Qxe2 Rg2+ 39. Qxg2 Rxg2+ 40. Kxg2 1-0

[Event "FIN-ch Women 2018"]
[Site "Helsinki"]
[Date "2018.06.16"]
[Round "6"]
[White "Pelander, Pauliina"]
[Black "Ristoja, Aulikki"]
[Result "1-0"]
[ECO "A00"]
[WhiteElo "1610"]
[BlackElo "1565"]
[Annotator "NA"]
[PlyCount "99"]
[EventDate "2018.06.13"]
[EventType "tourn"]
[EventCountry "FIN"]
[SourceTitle "playchess.com"]
[Source "ChessBase"]
[SourceQuality "1"]
[TimeControl "40/5400+30:1800+30"]

1. b4 e6 2. Bb2 Nf6 3. a3 d5 4. e3 c5 5. g4 cxb4 6. axb4 h6 7. b5 b6 8. h4 Bb7 9. Qf3 Nbd7 10. Nh3 Qc7 11. Na3 d4 12. Qe2 Bxh1 13. f3 Qg3+ 14. Qf2 Qxf3 15. Qg1 Nxg4 16. Be2 Qxh3 17. Bxg4 Qxh4+ 18. Ke2 Bd5 19. Bxd4 Nf6 20. Bxf6 Qxf6 21. c4 Bb7 22. Nc2 g6 23. Nd4 Bg7 24. Rf1 Qe7 25. Bxe6 Bxd4 26. Bxf7+ Qxf7 27. Rxf7 Kxf7 28. exd4 Rae8+ 29. Kd3 Kg7 30. d5 Rhf8 31. Qa1+ Kg8 32. Qxa7 Bxd5 33. cxd5 Rf6 34. Qd7 Ref8 35. d6 h5 36. Qc7 h4 37. d7 R8f7 38. d8=Q+ Kg7 39. Qxf6+ Kxf6 40. Qxb6+ Kg5 41. Qg1+ Kh5 42. b6 g5 43. Qg2 Rf4 44. b7 Rb4 45. Qf3+ Kg6 46. Kc3 Rxb7 47. Qxb7 g4 48. Qe4+ Kg5 49. Qe5+ Kg6 50. Qf4 1-0

[Event "FIN-ch Women 2018"]
[Site "Helsinki"]
[Date "2018.06.16"]
[Round "6"]
[White "Al Argha, Fatima"]
[Black "Turunen, Tiina"]
[Result "0-1"]
[ECO "D00"]
[WhiteElo "1436"]
[BlackElo "1665"]
[Annotator "NA"]
[PlyCount "88"]
[EventDate "2018.06.13"]
[EventType "tourn"]
[EventCountry "FIN"]
[SourceTitle "playchess.com"]
[Source "ChessBase"]
[SourceQuality "1"]
[TimeControl "40/5400+30:1800+30"]

1. d4 d5 2. Bf4 Bf5 3. e3 h6 4. Nf3 e6 5. Be2 Nf6 6. O-O Nbd7 7. c4 c6 8. Nc3 Be7 9. Rc1 O-O 10. a3 Rc8 11. b4 a5 12. Qb3 axb4 13. axb4 dxc4 14. Bxc4 Nb6 15. Be2 Nbd5 16. Nxd5 Nxd5 17. b5 Nxf4 18. exf4 Qd6 19. Ne5 Be4 20. bxc6 bxc6 21. Rfd1 Bd5 22. Qg3 Rb8 23. Rb1 Rb4 24. Rxb4 Qxb4 25. h3 Qb2 26. Bd3 Ra8 27. Bc4 Ra1 28. Qb3 Qxd4 29. Rxa1 Qxa1+ 30. Kh2 Qa7 31. Bxd5 cxd5 32. Nc6 Qc7 33. Nxe7+ Qxe7 34. Qd3 Qc7 35. Qd4 g5 36. Qe5 Qxe5 37. fxe5 Kg7 38. g4 f6 39. exf6+ Kxf6 40. Kg3 Ke5 41. Kf3 Kd4 42. Kg3 e5 43. h4 Ke4 44. hxg5 hxg5 0-1

[Event "FIN-ch Women 2018"]
[Site "Helsinki"]
[Date "2018.06.16"]
[Round "6"]
[White "Al-Hamoud, Lyal"]
[Black "Nazarova, Anastasia"]
[Result "0-1"]
[ECO "B24"]
[WhiteElo "1382"]
[BlackElo "2137"]
[Annotator "NA"]
[PlyCount "66"]
[EventDate "2018.06.13"]
[EventType "tourn"]
[EventCountry "FIN"]
[SourceTitle "playchess.com"]
[Source "ChessBase"]
[SourceQuality "1"]
[TimeControl "40/5400+30:1800+30"]

1. e4 c5 2. Nc3 Nc6 3. Nf3 g6 4. b3 Bg7 5. Bb2 d6 6. h3 e6 7. d3 Nge7 8. Be2 O-O 9. O-O b5 10. Qc1 a6 11. a3 d5 12. exd5 exd5 13. a4 b4 14. Nd1 d4 15. Rb1 Nd5 16. Ba1 Ra7 17. Nd2 Nf4 18. Bf3 Ne5 19. Re1 Nexd3 20. cxd3 Nxd3 21. Qc4 Nxe1 22. Qxc5 Rc7 23. Qa5 Nxf3+ 24. Nxf3 Bf5 25. Rb2 Rc1 26. Qxd8 Rxd1+ 27. Kh2 Rxd8 28. Ra2 Be6 29. Bb2 Bxb3 30. Ra1 Rxa1 31. Bxa1 d3 32. Bxg7 Kxg7 33. Nd2 Bxa4 0-1

[Event "FIN-ch Women 2018"]
[Site "Helsinki"]
[Date "2018.06.17"]
[Round "7"]
[White "Nazarova, Anastasia"]
[Black "Al Argha, Fatima"]
[Result "1-0"]
[ECO "C62"]
[WhiteElo "2137"]
[BlackElo "1436"]
[Annotator "NA"]
[PlyCount "105"]
[EventDate "2018.06.13"]
[EventType "tourn"]
[EventCountry "FIN"]
[SourceTitle "playchess.com"]
[Source "ChessBase"]
[SourceQuality "1"]
[TimeControl "40/5400+30:1800+30"]

1. e4 e5 2. Nf3 Nc6 3. Bb5 d6 4. d4 exd4 5. Nxd4 Bd7 6. Nc3 g6 7. O-O Bg7 8. Be3 Nf6 9. f3 {[%emt 0:00:40] C62: Ruy Lopez: Steinitz Defence} (9. h3 O-O 10. Re1 Re8 11. Nxc6 Bxc6 12. Bxc6 bxc6 13. Bg5 h6 14. Bd2 Nd7 15. b3 Nc5 16. Qf3 Qf6 17. Qxf6 Bxf6 {0-1 (49) Leko,P (2723)-Aronian,L (2797) Beijing 2014}) 9... O-O 10. Qd2 Re8 {[%emt 0:01:07] LiveBook: 3 Games} 11. Rfe1 Ne5 12. Bf1 a6 13. a4 Be6 $146 ({Predecessor:} 13... h5 14. Bg5 Qc8 15. Rad1 Nh7 16. Bh6 Bh8 17. Kh1 Qd8 {0-1 (38) Heyme,S (2090)-Juergens,V (2300) Germany 1999}) 14. Nxe6 fxe6 15. Rad1 Qd7 16. h3 Rad8 17. Qf2 Qf7 18. f4 Nc6 19. g4 Kh8 20. Bg2 Ng8 21. Rf1 Nge7 22. Kh1 Rf8 23. Qg3 Qe8 24. Rf2 Rf7 25. Rfd2 Rf8 26. Bf3 $15 ({Günstiger ist} 26. Rf1 $14) 26... Qf7 27. Kg2 Rde8 28. Rf2 Rd8 29. Be2 d5 30. Bc1 d4 31. Nb1 e5 32. f5 gxf5 33. gxf5 Rg8 34. Kh1 Bf6 35. Qh2 Nc8 36. Nd2 Nd6 37. Bd3 Rg7 38. Nf3 Qh5 39. Rg1 Rdg8 40. Rxg7 Rxg7 41. Rf1 Nd8 42. Bd2 c5 43. b3 b5 44. axb5 axb5 45. c4 bxc4 46. bxc4 Ra7 47. Nxe5 Bxe5 48. Qxe5+ Kg8 49. Rg1+ Kf8 50. Qxd6+ Kf7 51. Qd5+ Ke8 52. Rg8+ Ke7 53. Qxd8+ 1-0

[Event "FIN-ch Women 2018"]
[Site "Helsinki"]
[Date "2018.06.17"]
[Round "7"]
[White "Dannenberg, Alia"]
[Black "Al-Hamoud, Lyal"]
[Result "1-0"]
[ECO "C26"]
[WhiteElo "1934"]
[BlackElo "1382"]
[Annotator "NA"]
[PlyCount "105"]
[EventDate "2018.06.13"]
[EventType "tourn"]
[EventCountry "FIN"]
[SourceTitle "playchess.com"]
[Source "ChessBase"]
[SourceQuality "1"]
[TimeControl "40/5400+30:1800+30"]

1. e4 e5 2. Nc3 Nf6 3. f4 d6 4. Nf3 Nc6 5. Bb5 a6 {[%emt 0:00:40] C30: King's Gambit Declined} (5... Bd7 6. d3 Nd4 7. Bxd7+ Qxd7 8. O-O Nxf3+ 9. Qxf3 Be7 10. fxe5 dxe5 11. Qg3 Qe6 12. Nd5 O-O 13. Nxe7+ Qxe7 14. Bg5 {½-½ (51) Sveshnikov,E (2464)-Beliavsky,A (2540) Maribor 2018}) 6. Bxc6+ bxc6 7. fxe5 dxe5 8. d3 (8. Nxe5 $16 Bc5 9. Qf3 (9. Nxc6 Qd6 $14)) 8... h6 $146 ({Predecessor:} 8... Nd7 9. O-O Be7 10. Qe1 O-O 11. Qg3 f6 12. Be3 Qe8 13. Nh4 {1-0 (37) Kennaugh,C (2294)-Crean,M Liverpool 2007}) 9. h3 (9. Nxe5 $16 Qd4 10. Nf3) 9... Bd6 10. Be3 O-O 11. O-O Bb7 12. Ne2 Re8 13. Ng3 Bc8 14. Rf2 Bd7 15. Nh2 Qc8 $2 {[%emt 0:03:00] [#]} (15... Nh7 $16 {is a better chance.}) 16. Nf5 $2 (16. Rxf6 $1 $18 {[%mdl 512] is the precise move to win.} gxf6 17. Qf3) 16... Bxf5 17. Rxf5 Qe6 18. Qf3 Nd7 19. Qg3 $16 Qg6 20. Qxg6 fxg6 21. Rf3 Nf6 22. Raf1 Rf8 23. Bxh6 gxh6 24. Rxf6 Rxf6 25. Rxf6 Kg7 26. Rf3 Rb8 27. b3 Bb4 28. a4 h5 29. Kf2 Rf8 30. Nf1 Bc3 31. Ne3 Rxf3+ 32. Kxf3 a5 33. Nd1 Bd4 34. c3 Bb6 35. b4 Kf6 36. Ne3 c5 37. Nd5+ Ke6 38. bxc5 Bxc5 39. Nxc7+ Kd7 40. Nb5 Bb6 41. d4 Ke6 42. g4 exd4 43. cxd4 Bd8 44. gxh5 gxh5 45. Kf4 Kd7 46. d5 Be7 47. e5 h4 48. e6+ Kd8 49. d6 Bf6 50. Kf5 Bb2 51. Na7 Ke8 52. Nc6 Bc3 53. Kg6 1-0

[Event "FIN-ch Women 2018"]
[Site "Helsinki"]
[Date "2018.06.17"]
[Round "7"]
[White "Al Najar, Huda"]
[Black "Pelander, Pauliina"]
[Result "1-0"]
[ECO "B00"]
[WhiteElo "1719"]
[BlackElo "1610"]
[Annotator "NA"]
[PlyCount "53"]
[EventDate "2018.06.13"]
[EventType "tourn"]
[EventCountry "FIN"]
[SourceTitle "playchess.com"]
[Source "ChessBase"]
[SourceQuality "1"]
[TimeControl "40/5400+30:1800+30"]

1. e4 b6 2. Nf3 Bb7 3. d3 e6 4. g3 Qf6 5. Bg2 Nc6 6. c3 h6 7. O-O O-O-O 8. d4 d5 9. e5 Qg6 10. Re1 Be7 11. Nbd2 h5 12. h4 Qf5 13. Nf1 Nh6 14. Ne3 Qh7 15. Bh3 Rdg8 16. Nxd5 Ng4 17. Nxe7+ Nxe7 18. Qe2 f6 19. exf6 gxf6 20. Qxe6+ Kd8 21. Bg2 Bd5 22. Qe2 Nf5 23. Ng5 fxg5 24. Bxd5 Re8 25. Bxg5+ Ne7 26. Bc6 Qg7 27. Qe6 1-0

[Event "FIN-ch Women 2018"]
[Site "Helsinki"]
[Date "2018.06.17"]
[Round "7"]
[White "Turunen, Tiina"]
[Black "Walta, Paivi"]
[Result "1-0"]
[ECO "A41"]
[WhiteElo "1665"]
[BlackElo "1634"]
[Annotator "NA"]
[PlyCount "103"]
[EventDate "2018.06.13"]
[EventType "tourn"]
[EventCountry "FIN"]
[SourceTitle "playchess.com"]
[Source "ChessBase"]
[SourceQuality "1"]
[TimeControl "40/5400+30:1800+30"]

1. d4 d6 2. Nf3 Nf6 3. h3 g6 4. Bf4 Bg7 5. e3 O-O 6. Bd3 Nfd7 7. e4 e5 8. Be3 Nc6 9. c3 Ne7 10. Na3 a6 11. Nc2 b5 12. Nd2 Nb6 13. d5 f5 14. Bxb6 cxb6 15. O-O Bb7 16. f3 Kh8 17. Qe2 g5 18. a4 bxa4 19. Rxa4 b5 20. Rb4 Ng6 21. g3 Bc8 22. Kh2 Bd7 23. exf5 Bxf5 24. Bxf5 Rxf5 25. Ne3 Rf7 26. Ne4 Qe7 27. c4 h6 28. cxb5 Rb8 29. b6 Qd8 30. Qxa6 Rfb7 31. Nc4 Bf8 32. Qb5 Rc8 33. b3 Be7 34. Ra1 h5 35. Ra7 Rcb8 36. Rxb7 Rxb7 37. Na5 h4 38. Nxb7 hxg3+ 39. Nxg3 Qc8 40. Qc6 Qf8 41. Qc3 Nh4 42. Rxh4+ gxh4 43. Ne2 Bg5 44. Qd3 Be7 45. Na5 Bd8 46. Qe3 Bxb6 47. Qxb6 Qxf3 48. Qd8+ Kg7 49. Qg5+ Kf7 50. Qg2 e4 51. Qxf3+ exf3 52. Nd4 1-0

[Event "FIN-ch Women 2018"]
[Site "Helsinki"]
[Date "2018.06.17"]
[Round "7"]
[White "Ristoja, Aulikki"]
[Black "Norlamo, Sarabella"]
[Result "0-1"]
[ECO "A45"]
[WhiteElo "1565"]
[BlackElo "1847"]
[Annotator "NA"]
[PlyCount "90"]
[EventDate "2018.06.13"]
[EventType "tourn"]
[EventCountry "FIN"]
[SourceTitle "playchess.com"]
[Source "ChessBase"]
[SourceQuality "1"]
[TimeControl "40/5400+30:1800+30"]

1. d4 Nf6 2. Nc3 d5 3. Bf4 e6 4. Nb5 Bb4+ {[%emt 0:02:30] LiveBook: 7 Partien} 5. c3 Ba5 6. e3 a6 7. Na3 c6 8. Bd3 Qe7 9. Nc2 Bc7 10. Nf3 Bxf4 11. exf4 c5 12. dxc5 Qxc5 $14 13. Ne5 Nc6 14. O-O Qb6 15. Rb1 O-O 16. Nd4 Nxd4 17. cxd4 Bd7 18. Bc2 Rac8 19. Nf3 Qc7 20. Rc1 Qxf4 21. g3 Qd6 22. Re1 Rc7 23. Bb1 Rxc1 24. Qxc1 Rc8 25. Qd2 Bc6 26. h3 Ne4 27. Bxe4 dxe4 28. Ne5 Bd5 29. b3 Qc7 30. Qf4 f6 31. Nc4 Qxf4 32. gxf4 Bxc4 33. bxc4 Rxc4 34. Rxe4 Kf7 35. Re3 Rxd4 36. Rb3 b5 37. Rc3 Rxf4 38. Rc7+ Kg6 39. Rc6 Ra4 40. Rxe6 Rxa2 41. Kg2 a5 42. Rc6 a4 43. Rc5 b4 44. h4 b3 45. h5+ Kh6 0-1

[Event "FIN-ch Women 2018"]
[Site "Helsinki"]
[Date "2018.06.18"]
[Round "8"]
[White "Norlamo, Sarabella"]
[Black "Al Najar, Huda"]
[Result "0-1"]
[ECO "A46"]
[WhiteElo "1847"]
[BlackElo "1719"]
[Annotator "NA"]
[PlyCount "192"]
[EventDate "2018.06.13"]
[EventType "tourn"]
[EventCountry "FIN"]
[SourceTitle "playchess.com"]
[Source "ChessBase"]
[SourceQuality "1"]
[TimeControl "40/5400+30:1800+30"]

1. d4 Nf6 2. Nf3 e6 3. e3 b6 4. Bd3 Bb7 5. O-O Be7 6. Nbd2 d5 7. Ne5 O-O 8. f4 Nbd7 9. Rf3 Ne4 10. Rh3 f5 11. Qh5 Ndf6 12. Qh4 Qe8 13. Ndf3 h6 14. Qe1 Ng4 15. Bxe4 dxe4 16. Nd2 c5 17. Qe2 Nf6 (17... h5 $17 18. Ndc4 Rd8 19. dxc5 Ba6) 18. Rg3 cxd4 19. exd4 Nh5 20. Rb3 $2 (20. Nf1) 20... Nxf4 21. Qf2 $19 Ng6 22. Nxg6 Qxg6 23. Nc4 Rad8 24. Rg3 Qf6 25. Bf4 g5 26. Be5 Qf7 27. Rh3 Qg6 28. Qe2 g4 29. Rg3 Bd5 30. Ne3 Bh4 31. Nxd5 Rxd5 32. Rc3 Bf6 33. Rc7 Bxe5 34. dxe5 Rf7 35. Qc4 Rxc7 36. Qxc7 Qf7 37. Qc3 Qd7 38. Re1 Kh7 39. Kf2 Qg7 40. Qc8 Qe7 41. Kg3 Rd8 42. Qc3 Kg6 43. Re2 h5 44. a3 h4+ 45. Kf2 Rd5 46. Ke1 Qc5 47. Qxc5 Rxc5 48. Rd2 Rd5 49. c4 Rxe5 50. Rd8 Rc5 51. b3 Rc7 52. Re8 Kf6 53. Rh8 h3 54. gxh3 gxh3 55. Rxh3 Rg7 56. Kf2 f4 57. Rh4 Ke5 58. Rh5+ Kd4 59. h4 e5 60. Rg5 Re7 61. h5 e3+ 62. Ke2 e4 63. Rd5+ Kc3 64. Rf5 f3+ 65. Kxe3 Kxb3 66. h6 Kxc4 67. Rg5 Rh7 68. Rg4 Kb3 69. Rxe4 Rxh6 70. a4 Rf6 71. Kf2 a5 72. Rd4 Kc3 73. Re4 Kd3 74. Rg4 Kc3 75. Re4 Kb3 76. Rd4 Rf5 77. Re4 b5 78. axb5 Rxb5 79. Kxf3 a4 80. Re3+ Ka2 81. Re2+ Rb2 82. Re8 a3 83. Kg4 Rc2 84. Rb8 Rc3 85. Kg5 Rb3 86. Rh8 Ka1 87. Rh1+ Rb1 88. Rh2 Rg1+ 89. Kf4 Kb1 90. Rh8 a2 91. Rb8+ Kc2 92. Rc8+ Kd3 93. Rd8+ Kc4 94. Rc8+ Kb5 95. Rb8+ Kc6 96. Rc8+ Kb7 0-1

[Event "FIN-ch Women 2018"]
[Site "Helsinki"]
[Date "2018.06.18"]
[Round "8"]
[White "Turunen, Tiina"]
[Black "Nazarova, Anastasia"]
[Result "0-1"]
[ECO "D00"]
[WhiteElo "1665"]
[BlackElo "2137"]
[Annotator "NA"]
[PlyCount "82"]
[EventDate "2018.06.13"]
[EventType "tourn"]
[EventCountry "FIN"]
[SourceTitle "playchess.com"]
[Source "ChessBase"]
[SourceQuality "1"]
[TimeControl "40/5400+30:1800+30"]

1. d4 d5 2. Bf4 Nf6 3. h3 c5 {[%emt 0:00:33] D00: 1 d4 d5: Unusual lines} 4. e3 Nc6 5. c3 Qb6 6. Qc2 (6. Qb3 c4 7. Qc2 Bf5 8. Qc1 Nd7 9. Nf3 f6 10. Nbd2 e5 11. Bh2 exd4 12. exd4 Kf7 13. Nxc4 dxc4 14. Bxc4+ {1-0 (72) Lewtak,D (2358)-Leniart,A (2502) Bialystok 2017}) 6... cxd4 7. exd4 Bf5 8. Qb3 e6 $146 ({Predecessor:} 8... Qxb3 9. axb3 Nd7 10. Nf3 f6 11. Bb5 g5 12. Bc7 h5 13. Nbd2 Bg7 {0-1 (60) Suslov,V-Kuznetsov,Y (2254) Novosibirsk 2001}) 9. Qxb6 axb6 10. Nd2 Kd7 11. Bb5 Ra5 12. a4 Bd6 13. Bxd6 Kxd6 14. Ngf3 Ne8 15. O-O Nc7 16. Be2 Rha8 17. b3 b5 $1 18. Bd1 ({Lieber} 18. Ra2 $15) 18... bxa4 19. bxa4 b5 20. Ra3 Bd3 ({Much less strong is} 20... bxa4 21. c4 $17) 21. Re1 bxa4 22. Re3 Bg6 23. c4 Ke7 24. Be2 Rb8 25. Rec3 Kd7 26. Rc1 $17 f6 27. Bd1 Rb4 28. Rca1 dxc4 29. Bxa4 Nb5 30. Bxb5 Raxb5 31. Rc3 Bd3 32. Rac1 Na5 33. Ne1 Rb2 34. Nef3 Ra2 35. Nxc4 Bxc4 36. Rxc4 Nxc4 37. Rxc4 Rb1+ 38. Kh2 Rxf2 39. Rc3 Rbb2 40. Ne1 Rfe2 41. Rc1 Rbd2 0-1

[Event "FIN-ch Women 2018"]
[Site "Helsinki"]
[Date "2018.06.18"]
[Round "8"]
[White "Walta, Paivi"]
[Black "Pelander, Pauliina"]
[Result "0-1"]
[ECO "B22"]
[WhiteElo "1634"]
[BlackElo "1610"]
[Annotator "NA"]
[PlyCount "113"]
[EventDate "2018.06.13"]
[EventType "tourn"]
[EventCountry "FIN"]
[SourceTitle "playchess.com"]
[Source "ChessBase"]
[SourceQuality "1"]
[TimeControl "40/5400+30:1800+30"]

1. e4 c5 2. c3 d5 3. exd5 Qxd5 4. d4 Nc6 5. Nf3 Bg4 6. Be2 cxd4 7. cxd4 Nf6 8. Nc3 Qd7 9. O-O Bxf3 10. Bxf3 Nxd4 11. Bxb7 Qxb7 12. Qxd4 e6 13. Rd1 Be7 14. Qa4+ Nd7 15. Be3 f5 16. Rd3 a6 17. Rad1 O-O-O 18. Qc4+ Kb8 19. Qxe6 Nf6 20. Bd4 Ka8 21. Na4 Rd6 22. Qxf5 Rf8 23. Rb3 Nd5 24. Qxh7 Qc6 25. Nc5 Nf4 26. Qe4 Qxe4 27. Nxe4 Rxd4 28. Rxd4 Ne2+ 29. Kf1 Nxd4 30. Rd3 Nc6 31. a3 Ne5 32. Rd2 Nc4 33. Re2 Bd8 34. g3 Ka7 35. Kg2 g5 36. h3 a5 37. a4 Rf5 38. b3 Nb6 39. Nd6 Rd5 40. Nb5+ Kb7 41. Re3 Nd7 42. f4 Bb6 43. Rc3 gxf4 44. gxf4 Nf6 45. Kf3 Rd2 46. Kg3 Ne4+ 47. Kg4 Nxc3 48. Nxc3 Rd3 49. Nb5 Kc6 50. h4 Rxb3 51. h5 Rxb5 52. axb5+ Kxb5 53. f5 Bd4 54. Kg5 a4 55. f6 Bxf6+ 56. Kxf6 a3 57. Ke5 0-1

[Event "FIN-ch Women 2018"]
[Site "Helsinki"]
[Date "2018.06.18"]
[Round "8"]
[White "Al Argha, Fatima"]
[Black "Dannenberg, Alia"]
[Result "0-1"]
[ECO "A40"]
[WhiteElo "1436"]
[BlackElo "1934"]
[Annotator "NA"]
[PlyCount "76"]
[EventDate "2018.06.13"]
[EventType "tourn"]
[EventCountry "FIN"]
[SourceTitle "playchess.com"]
[Source "ChessBase"]
[SourceQuality "1"]
[TimeControl "40/5400+30:1800+30"]

1. d4 g6 2. Bf4 Bg7 3. e3 d6 4. Nf3 Nf6 5. h3 Nbd7 6. Nbd2 c5 7. c3 O-O 8. Bc4 a6 9. a4 d5 10. Ba2 c4 11. O-O b5 12. b3 Nb6 13. Bb1 cxb3 14. axb5 $1 Bd7 $16 15. Bd3 ({Viel schlechter ist} 15. Nxb3 $6 Bxb5 16. Bd3 Ne4 $11) (15. bxa6 $16 b2 16. Ra2) 15... b2 16. Ra2 axb5 17. Rxb2 Na4 18. Rb3 Qa5 19. Qa1 Rfc8 20. Rc1 Ne8 21. e4 Nc7 22. Bh2 e6 23. Qa3 Bf8 24. Bd6 Bh6 25. Rcb1 Qb6 26. Bxc7 Qxc7 27. Qe7 Nxc3 28. Re1 Ra2 29. Rxc3 Qxc3 30. Qxd7 Bxd2 31. Nxd2 Rxd2 32. Bxb5 Rxd4 33. Re3 Rd1+ 34. Kh2 Qe5+ 35. g3 Rcc1 36. Qe8+ Kg7 37. exd5 Qxd5 38. Be2 Rh1# 0-1

[Event "FIN-ch Women 2018"]
[Site "Helsinki"]
[Date "2018.06.18"]
[Round "8"]
[White "Al-Hamoud, Lyal"]
[Black "Ristoja, Aulikki"]
[Result "1/2-1/2"]
[ECO "B01"]
[WhiteElo "1382"]
[BlackElo "1565"]
[Annotator "NA"]
[PlyCount "173"]
[EventDate "2018.06.13"]
[EventType "tourn"]
[EventCountry "FIN"]
[SourceTitle "playchess.com"]
[Source "ChessBase"]
[SourceQuality "1"]
[TimeControl "40/5400+30:1800+30"]

1. e4 d5 2. f3 dxe4 3. fxe4 e5 4. Nf3 Bg4 5. h3 Bxf3 6. Qxf3 Nf6 7. a3 Nc6 8. Nc3 Nd4 9. Qd1 Bc5 10. d3 a6 11. Be3 Nxc2+ 12. Qxc2 Bxe3 13. g4 c6 14. Bg2 Qe7 15. Qe2 Bd4 16. Qd2 O-O-O 17. O-O-O Qc5 18. Kb1 Be3 19. Qc2 Bd4 20. Ne2 Qa7 21. Qb3 Rhf8 22. Ng3 Rd7 23. Nf5 g6 24. Nh6 Be3 25. Rhf1 Bxh6 26. Rxf6 Bg7 27. Rf3 Qd4 28. g5 h6 29. h4 Kc7 30. Bh3 Re7 31. Rdf1 hxg5 32. hxg5 Qb6 33. Qxb6+ Kxb6 34. Kc2 c5 35. Kc3 Kc6 36. b3 Bh8 37. a4 b5 38. a5 Rc7 39. R3f2 b4+ 40. Kc2 Kb5 41. Be6 Kxa5 42. Bxf7 Kb6 43. Bxg6 Rg8 44. Bf7 Rxg5 45. Bc4 a5 46. Kb2 Rg3 47. Kc2 Bg7 48. Kb2 Rg5 49. Kb1 Rg3 50. Kc1 Bh6+ 51. Kd1 Bf4 52. Ke2 Rd7 53. Rf3 Rdg7 54. R1f2 Rg1 55. Rf1 R7g2+ 56. R3f2 Rxf1 57. Kxf1 Rg3 58. Ke2 Re3+ 59. Kf1 Rh3 60. Rg2 Rf3+ 61. Ke2 Re3+ 62. Kd1 Rg3 63. Rxg3 Bxg3 64. Ke2 Kc7 65. Kf3 Bf4 66. Kg4 Kd6 67. Kf5 Ke7 68. Kg6 Kf8 69. Kf6 Ke8 70. Ke6 Kd8 71. Kd6 Kc8 72. Kxc5 Be3+ 73. Kb5 a4 74. bxa4 Bd2 75. a5 Kb7 76. Kc5 Bc3 77. a6+ Ka7 78. Kb5 Bd2 79. d4 exd4 80. e5 Bf4 81. e6 Bd6 82. Kc6 Bf8 83. Kd5 b3 84. Kxd4 b2 85. Bd3 b1=Q 86. Bxb1 Kxa6 87. Ke4 1/2-1/2